[Event "Januariturneringen 2010"]
[Site "?"]
[Date "2010.01.09"]
[Round "4"]
[White "Nygren, David"]
[Black "Kling, Anders"]
[Result "0-1"]
[ECO "B22"]
[WhiteElo "2206"]
[BlackElo "2272"]
[Annotator "Persson,Per"]
[PlyCount "72"]
[TimeControl "240+2"]

{318MB, Fritz10.ctg} 1. e4 c5 2. c3 e5 3. Nf3 Nc6 4. Bc4 g6 5. d4 exd4 6. cxd4
Bg7 7. Nc3 Nge7 8. O-O cxd4 9. Nb5 O-O 10. Bf4 d5 11. exd5 Nxd5 12. Bxd5 Qxd5
13. Nc7 Qf5 14. Qd2 Rb8 15. Rfe1 Bd7 16. b4 d3 17. Rac1 Nd4 18. Nxd4 Bxd4 19.
Rc4 Bg7 20. Rc5 Qg4 21. Rg5 Qh4 22. Nd5 Rbd8 23. g3 Qh3 24. b5 Be6 25. Ne7+ Kh8
26. Re3 Rd7 27. g4 Qh4 28. Kg2 Bxg4 29. Nd5 Be6 30. Rxd3 h6 31. Re5 Rfd8 32.
Bg3 Qc4 33. Nf4 Rxd3 34. Nxd3 Qxd3 35. Qc1 Kh7 36. Re3 Qd5+ 0-1

[Event "Januariturneringen 2010"]
[Site "?"]
[Date "2010.01.09"]
[Round "4"]
[White "Malmdin, Nils Åke"]
[Black "Jonsson, Emil"]
[Result "1-0"]
[ECO "C41"]
[WhiteElo "2278"]
[BlackElo "2063"]
[Annotator "Persson,Per"]
[PlyCount "59"]
[TimeControl "240+2"]

{318MB, Fritz10.ctg} 1. e4 d6 2. d4 Nf6 3. Nc3 e5 4. Nf3 Nbd7 5. h3 Be7 6. g4
exd4 7. Qxd4 Nc5 8. Be3 c6 9. O-O-O Qa5 10. g5 Nh5 11. Be2 Ne6 12. Qd2 g6 13.
Kb1 b5 14. Nd4 b4 15. Nd5 cxd5 16. Bxh5 dxe4 17. Bg4 Bxg5 18. Bxe6 Bxe6 19.
Nxe6 Bxe3 20. fxe3 fxe6 21. Qxd6 Kf7 22. Qd7+ Kf6 23. h4 Rad8 24. Rhf1+ Qf5 25.
Rxf5+ gxf5 26. Qxd8+ Rxd8 27. Rxd8 e5 28. Kc1 f4 29. Kd2 Kf5 30. Rg8 1-0

[Event "Januariturneringen 2010"]
[Site "?"]
[Date "2010.01.09"]
[Round "4"]
[White "Vitsas, Mikael"]
[Black "Vikström, Christoffer"]
[Result "1-0"]
[ECO "B98"]
[WhiteElo "1900"]
[BlackElo "1819"]
[Annotator "Persson,Per"]
[PlyCount "53"]
[TimeControl "240+2"]

{318MB, Fritz10.ctg} 1. e4 c5 2. Nf3 d6 3. d4 cxd4 4. Nxd4 Nf6 5. Nc3 a6 6. Bg5
e6 7. f4 Be7 8. Qf3 h6 9. Bxf6 Bxf6 10. O-O-O O-O 11. e5 Be7 12. f5 Bg5+ 13.
Kb1 Qc7 14. h4 Bd8 15. f6 dxe5 16. fxg7 Kxg7 17. Nb3 f5 18. Be2 e4 19. Qh3 b5
20. g4 b4 21. gxf5 bxc3 22. fxe6 Qe5 23. Rhg1+ Kh8 24. Qe3 Qxe6 25. Bc4 Qc6 26.
Rxd8 Rxd8 27. Qxc3+ 1-0

[Event "Januariturneringen 2010"]
[Site "?"]
[Date "2010.01.09"]
[Round "4"]
[White "Strand, Andreas"]
[Black "Kallin, Anders"]
[Result "1-0"]
[ECO "B01"]
[WhiteElo "1867"]
[BlackElo "1565"]
[Annotator "Persson,Per"]
[PlyCount "61"]
[TimeControl "240+2"]

{318MB, Fritz10.ctg} 1. e4 d5 2. exd5 Qxd5 3. Nc3 Qa5 4. d4 Nf6 5. Nf3 Bg4 6.
h3 Qh5 7. Be2 c6 8. O-O Bxh3 9. gxh3 Qxh3 10. Ng5 Qh4 11. Kg2 h6 12. Rh1 hxg5
13. Rxh4 gxh4 14. Bg4 e6 15. Bf4 Be7 16. Qf3 Nbd7 17. Bh3 Nh5 18. Ne4 Nxf4+ 19.
Qxf4 f5 20. Nd6+ Kf8 21. Nxf5 g5 22. Qf3 exf5 23. Qxf5+ Nf6 24. Re1 Re8 25. Re6
Kf7 26. Bg4 Bd8 27. Rxe8 Kxe8 28. Qxg5 h3+ 29. Kh2 Bc7+ 30. f4 Nxg4+ 31. Qxg4
1-0

[Event "Januariturneringen 2010"]
[Site "?"]
[Date "2010.01.09"]
[Round "4"]
[White "Södervall, Ulf"]
[Black "Ahlin, Jim"]
[Result "0-1"]
[ECO "A34"]
[WhiteElo "1718"]
[BlackElo "1904"]
[Annotator "Persson,Per"]
[PlyCount "92"]
[TimeControl "240+2"]

{318MB, Fritz10.ctg} 1. Nf3 Nf6 2. c4 e6 3. Nc3 c5 4. g3 d6 5. Bg2 Nc6 6. O-O
Be7 7. d4 O-O 8. a3 a6 9. Rb1 Qc7 10. b4 cxd4 11. Nxd4 Ne5 12. Ne4 Nxc4 13. Bg5
Nd5 14. Bxe7 Nxe7 15. Qd3 Ne5 16. Qd2 d5 17. Ng5 h6 18. Nh3 Nc4 19. Qa2 Bd7 20.
Rfc1 e5 21. Nb3 Bf5 22. Ra1 Qc8 23. g4 Bxg4 24. Rc3 b6 25. Rac1 Qd7 26. e4 d4
27. Rxc4 Bxh3 28. Qe2 Ng6 29. Qf3 Be6 30. Rc7 Qb5 31. Bf1 Qa4 32. Nd2 Nf4 33.
Nc4 Rab8 34. Nxe5 Ng6 35. Qg3 Nxe5 36. Qxe5 Rbd8 37. R1c6 Qd1 38. Rxe6 Qg4+ 39.
Qg3 Qxe6 40. Bd3 Rc8 41. Bc4 Qe8 42. Bd5 Rxc7 43. Qxc7 Qc8 44. Qxb6 Qg4+ 45.
Kf1 Re8 46. Bc6 Qe6 0-1

[Event "Januariturneringen 2010"]
[Site "?"]
[Date "2010.01.09"]
[Round "4"]
[White "Fahlberg, Kenneth"]
[Black "Heijdenberg, Ronny"]
[Result "1/2-1/2"]
[ECO "E65"]
[WhiteElo "1784"]
[BlackElo "1598"]
[Annotator "Persson,Per"]
[PlyCount "54"]
[TimeControl "240+2"]

{318MB, Fritz10.ctg} 1. d4 Nf6 2. Nf3 g6 3. g3 Bg7 4. Bg2 O-O 5. c4 d6 6. Nc3
c5 7. b3 Nbd7 8. Bb2 cxd4 9. Nxd4 Nc5 10. O-O Rb8 11. Qd2 Ng4 12. Rad1 Bh6 13.
e3 Ne5 14. Ne4 Bg4 15. Rb1 Qd7 16. f4 Ned3 17. Nxc5 Nxc5 18. Nf3 Bg7 19. Bxg7
Kxg7 20. Qd4+ Kg8 21. Rb2 Qf5 22. Nh4 Qd3 23. Qxd3 Nxd3 24. Rd2 Nc5 25. e4 f6
26. h3 Bc8 27. Re1 b6 1/2-1/2

[Event "Januariturneringen 2010"]
[Site "?"]
[Date "2010.01.09"]
[Round "4"]
[White "Kärrlander, Gunnar"]
[Black "Fuentes, Ruben"]
[Result "1-0"]
[ECO "D32"]
[WhiteElo "1950"]
[BlackElo "1869"]
[Annotator "Persson,Per"]
[PlyCount "49"]
[TimeControl "240+2"]

{318MB, Fritz10.ctg} 1. d4 Nf6 2. Nf3 e6 3. c4 c5 4. e3 d5 5. cxd5 exd5 6. Nc3
Nc6 7. Be2 Bd6 8. O-O O-O 9. a3 c4 10. b3 cxb3 11. Qxb3 Na5 12. Qa2 h6 13. Bd2
Be6 14. Nb5 Bb8 15. Rfc1 Nc6 16. Qb2 Ne4 17. Nc3 Nxd2 18. Qxd2 g5 19. g3 Bg4
20. Rab1 Qd7 21. Rb5 Be6 22. e4 Ne7 23. exd5 Bxd5 24. Nxd5 Nxd5 25. Rcc5 1-0

[Event "Januariturneringen 2010"]
[Site "?"]
[Date "2010.01.09"]
[Round "4"]
[White "Wålinder, Jonas"]
[Black "Forsberg, Mikael"]
[Result "1-0"]
[ECO "A29"]
[WhiteElo "1822"]
[BlackElo "1563"]
[Annotator "Persson,Per"]
[PlyCount "59"]
[TimeControl "240+2"]

{318MB, Fritz10.ctg} 1. Nf3 Nc6 2. c4 e5 3. Nc3 Nf6 4. d3 Be7 5. g3 O-O 6. Bg2
d6 7. O-O Be6 8. e4 Qd7 9. Nd5 Nd8 10. b3 c6 11. Nxe7+ Qxe7 12. Ba3 Qc7 13. d4
Re8 14. dxe5 dxe5 15. Bd6 Qc8 16. Nxe5 Bh3 17. Re1 Bxg2 18. Kxg2 Ne6 19. Nf3
Rd8 20. Ng1 c5 21. e5 Ne8 22. Qd5 Nxd6 23. exd6 Qd7 24. Rad1 Rac8 25. Nf3 Rc6
26. Ne5 Qxd6 27. Nxc6 Nf4+ 28. gxf4 Qg6+ 29. Qg5 Qxc6+ 30. f3 1-0

[Event "Januariturneringen 2010"]
[Site "?"]
[Date "2010.01.09"]
[Round "5"]
[White "Kling, Anders"]
[Black "Malmdin, Nils Åke"]
[Result "1/2-1/2"]
[ECO "B70"]
[WhiteElo "2272"]
[BlackElo "2278"]
[Annotator "Persson,Per"]
[PlyCount "56"]
[TimeControl "240+2"]

{318MB, Fritz10.ctg} 1. e4 c5 2. Nf3 Nc6 3. d4 cxd4 4. Nxd4 g6 5. Nc3 Bg7 6.
Nde2 Nf6 7. g3 d6 8. h3 Bd7 9. Bg2 Qc8 10. Be3 Na5 11. b3 Nc6 12. Qd2 h5 13.
Rd1 Nb4 14. a3 Na6 15. Nd5 Nxd5 16. exd5 Nc7 17. c4 a5 18. c5 O-O 19. Rc1 Ra6
20. cxd6 exd6 21. O-O Qb8 22. a4 b5 23. Bd4 Ne8 24. f4 bxa4 25. bxa4 Qb4 26.
Qd3 Ra8 27. Rc4 Bf5 28. Qc3 Qxc3 1/2-1/2

[Event "Januariturneringen 2010"]
[Site "?"]
[Date "2010.01.09"]
[Round "5"]
[White "Vitsas, Mikael"]
[Black "Strand, Andreas"]
[Result "1-0"]
[ECO "B99"]
[WhiteElo "1900"]
[BlackElo "1867"]
[Annotator "Persson,Per"]
[PlyCount "51"]
[TimeControl "240+2"]

{318MB, Fritz10.ctg} 1. e4 c5 2. Nf3 d6 3. d4 cxd4 4. Nxd4 Nf6 5. Nc3 a6 6. Bg5
e6 7. f4 Be7 8. Qf3 Qc7 9. O-O-O b5 10. Bd3 Bb7 11. Rhe1 Nbd7 12. Kb1 b4 13.
Nce2 Nc5 14. Ng3 Rc8 15. Qe2 O-O 16. Bxf6 Bxf6 17. e5 Nxd3 18. Rxd3 dxe5 19.
fxe5 Be7 20. Nh5 Rfd8 21. Qg4 g6 22. Re2 Qc5 23. b3 Rd5 24. Qf4 gxh5 25. Rg3+
Kf8 26. Nxe6+ 1-0

[Event "Januariturneringen 2010"]
[Site "?"]
[Date "2010.01.09"]
[Round "5"]
[White "Ahlin, Jim"]
[Black "Nygren, David"]
[Result "0-1"]
[ECO "A82"]
[WhiteElo "1904"]
[BlackElo "2206"]
[Annotator "Persson,Per"]
[PlyCount "84"]
[TimeControl "240+2"]

{318MB, Fritz10.ctg} 1. d4 f5 2. e4 fxe4 3. Nc3 Nf6 4. Bf4 e6 5. Nge2 b6 6. Ng3
Bb4 7. Qd2 O-O 8. Bc4 d5 9. Be2 c5 10. a3 Ba5 11. f3 Nc6 12. Bb5 Ne7 13. Be2
cxd4 14. Qxd4 Nc6 15. Qa4 Bd7 16. Bb5 a6 17. Bxc6 b5 18. Qb3 Bxc6 19. O-O-O
exf3 20. gxf3 Nd7 21. Nce2 Bb6 22. Ne4 Kh8 23. Ng5 Nc5 24. Qc3 Rxf4 25. Rdg1
Rf6 26. Nd4 Be8 27. b4 Na4 28. Qe3 Bxd4 29. Qxd4 Bg6 30. h4 Rc8 31. Rg2 Qc7 32.
Rhh2 Qc3 33. Qxc3 Rxc3 34. Re2 Bf5 35. f4 h6 36. Rhg2 Rxa3 37. Kd2 Nc3 38. Re1
Ne4+ 39. Ke2 Rc3 40. Kd1 Rf8 41. Ree2 hxg5 42. hxg5 Bg6 0-1

[Event "Januariturneringen 2010"]
[Site "?"]
[Date "2010.01.09"]
[Round "5"]
[White "Jonsson, Emil"]
[Black "Kärrlander, Gunnar"]
[Result "0-1"]
[ECO "C14"]
[WhiteElo "2063"]
[BlackElo "1950"]
[Annotator "Persson,Per"]
[PlyCount "46"]
[TimeControl "240+2"]

{318MB, Fritz10.ctg} 1. e4 e6 2. d4 d5 3. Nc3 Nf6 4. Bg5 Be7 5. e5 Nfd7 6. h4
c5 7. Nb5 O-O 8. Bxe7 Qxe7 9. Nc7 Nc6 10. Nxa8 cxd4 11. a3 f6 12. exf6 Nxf6 13.
Bb5 e5 14. Qe2 Ne4 15. Nf3 Bg4 16. Nb6 axb6 17. O-O-O Ra8 18. Bxc6 bxc6 19. Rd3
c5 20. Rb3 c4 21. Rxb6 Qc5 22. Rb7 Bc8 23. Rb4 Qxb4 0-1

[Event "Januariturneringen 2010"]
[Site "?"]
[Date "2010.01.09"]
[Round "5"]
[White "Kallin, Anders"]
[Black "Fahlberg, Kenneth"]
[Result "1/2-1/2"]
[ECO "B26"]
[WhiteElo "1565"]
[BlackElo "1784"]
[Annotator "Persson,Per"]
[PlyCount "70"]
[TimeControl "240+2"]

{318MB, Fritz10.ctg} 1. e4 c5 2. Nc3 d6 3. g3 Nc6 4. Bg2 g6 5. d3 Bg7 6. Be3
Nf6 7. h3 a6 8. a4 O-O 9. Qd2 Qc7 10. Bh6 Nd4 11. Bxg7 Kxg7 12. g4 e5 13. Nge2
Nxe2 14. Nxe2 Bd7 15. a5 Bc6 16. c4 b5 17. axb6 Qxb6 18. O-O Rfb8 19. Ra2 Qd8
20. f4 Rb6 21. f5 h6 22. fxg6 fxg6 23. Ng3 Nh7 24. Qf2 Qe7 25. Qd2 Qg5 26. Qxg5
Nxg5 27. h4 Ne6 28. h5 Nf4 29. hxg6 Kxg6 30. Rd1 Bd7 31. Nf5 Rab8 32. Rd2 Bxf5
33. exf5+ Kg5 34. Bf3 Rf8 35. Rh2 Rf6 1/2-1/2

[Event "Januariturneringen 2010"]
[Site "?"]
[Date "2010.01.09"]
[Round "5"]
[White "Vikström, Christoffer"]
[Black "Wålinder, Jonas"]
[Result "0-1"]
[ECO "B31"]
[WhiteElo "1819"]
[BlackElo "1822"]
[Annotator "Persson,Per"]
[PlyCount "143"]
[TimeControl "240+2"]

{318MB, Fritz10.ctg} 1. e4 c5 2. Nf3 Nc6 3. Bb5 g6 4. O-O Bg7 5. c3 Nf6 6. Re1
O-O 7. d4 cxd4 8. cxd4 d5 9. e5 Ne4 10. Nc3 Nxc3 11. bxc3 Qa5 12. Qb3 a6 13.
Bd3 Rd8 14. Bd2 Qc7 15. Ng5 h6 16. Nf3 Na5 17. Qc2 Qc6 18. h4 Nc4 19. Bf4 Na3
20. Qc1 Nb5 21. Bxb5 axb5 22. Bxh6 Bf5 23. Bxg7 Kxg7 24. Qb2 Ra4 25. Re3 Rda8
26. Ne1 Qa6 27. Re2 Qa5 28. f3 Rh8 29. g4 Bd7 30. Rh2 b4 31. cxb4 Rxb4 32. Qd2
Qb6 33. Nc2 Rc4 34. Rd1 Ba4 35. Ne3 Bxd1 36. Nxc4 dxc4 37. Qxd1 c3 38. Kf1 Rd8
39. Rc2 Rxd4 40. Qe1 Qb5+ 41. Kg2 Rd2+ 42. Rxd2 cxd2 43. Qxd2 Qxe5 44. Qf2 b5
45. Qd2 f6 46. Qf2 Qd6 47. Qe3 Qb4 48. Kg3 Qd6+ 49. f4 Qc7 50. g5 Qd7 51. Qe2
Kf7 52. h5 fxg5 53. hxg6+ Kxg6 54. Qe4+ Qf5 55. Qc6+ Kf7 56. fxg5 Qxg5+ 57. Kh2
Qd2+ 58. Kh1 Qe1+ 59. Kh2 Qe2+ 60. Kg1 Qd1+ 61. Kf2 Qd4+ 62. Ke1 Qe5+ 63. Kd2
Qd6+ 64. Qxd6 exd6 65. Kd3 Ke6 66. Ke4 d5+ 67. Kd4 Kd6 68. a3 Kc6 69. Kd3 Kc5
70. Kc3 d4+ 71. Kd3 Kd5 72. Kd2 0-1

[Event "Januariturneringen 2010"]
[Site "?"]
[Date "2010.01.09"]
[Round "5"]
[White "Prokopic, Novak"]
[Black "Heijdenberg, Ronny"]
[Result "0-1"]
[ECO "A45"]
[WhiteElo "1436"]
[BlackElo "1598"]
[Annotator "Persson,Per"]
[PlyCount "64"]
[TimeControl "240+2"]

{318MB, Fritz10.ctg} 1. d4 Nf6 2. h3 e6 3. a3 b6 4. Nf3 Bb7 5. Bg5 Be7 6. c4
O-O 7. Nc3 d5 8. e3 Nbd7 9. b4 c5 10. b5 dxc4 11. Bxc4 cxd4 12. Qxd4 Rc8 13.
O-O Bxf3 14. gxf3 Qc7 15. Ne4 Qxc4 16. Nxf6+ Nxf6 17. Qb2 Qd5 18. f4 Qf5 19.
Kh2 Rc2 20. Qb3 Rd8 21. Rac1 Rdd2 22. Rxc2 Qxc2 23. Qxc2 Rxc2 24. Ra1 Rxf2+ 25.
Kg1 Rb2 26. a4 Kf8 27. a5 Bc5 28. f5 Nd5 29. axb6 Bxb6 30. Rc1 f6 31. Bf4 Nxf4
32. fxe6 Bxe3+ 0-1

[Event "Januariturneringen 2010"]
[Site "?"]
[Date "2010.01.09"]
[Round "5"]
[White "Forsberg, Mikael"]
[Black "Södervall, Ulf"]
[Result "1/2-1/2"]
[ECO "D02"]
[WhiteElo "1563"]
[BlackElo "1718"]
[Annotator "Persson,Per"]
[PlyCount "119"]
[TimeControl "240+2"]

{318MB, Fritz10.ctg} 1. Nf3 d5 2. d4 Nf6 3. Bf4 Bf5 4. Nbd2 e6 5. h3 Bd6 6. Ne5
Nfd7 7. g4 Bxe5 8. dxe5 Bg6 9. Bg3 h5 10. Bg2 hxg4 11. hxg4 Rxh1+ 12. Bxh1 Nc6
13. e4 d4 14. f4 Nc5 15. a3 f6 16. f5 Bf7 17. exf6 gxf6 18. Qf3 e5 19. Rd1 Qe7
20. Bh4 O-O-O 21. g5 fxg5 22. f6 Qf8 23. Bxg5 Kb8 24. b3 Qh8 25. Kf2 Bh5 26. f7
Rf8 27. Qh3 Rxf7+ 28. Bf3 Rh7 29. Rg1 Bf7 30. Qf5 Be6 31. Bf6 Rh2+ 32. Ke1 Bxf5
33. Bxh8 Rxh8 34. exf5 Kc8 35. Rg7 Rf8 36. Nc4 e4 37. Bg4 b5 38. Nb2 Ne5 39.
Bh3 Rh8 40. Bg2 Rf8 41. b4 Na4 42. Nxa4 bxa4 43. Bxe4 Nc4 44. Rg6 Nd6 45. Bg2
Kb8 46. f6 Nf5 47. f7 Ne7 48. Rh6 c6 49. Bxc6 Nxc6 50. Rxc6 Rxf7 51. Rd6 Rf3
52. Rxd4 Rxa3 53. Kd2 Kb7 54. Kc1 Kb6 55. Kb2 Re3 56. Rd3 Re5 57. c4 Re4 58.
Rc3 a5 59. bxa5+ Kxa5 60. Ka3 1/2-1/2

[Event "Januariturneringen 2010"]
[Site "?"]
[Date "2010.01.10"]
[Round "6"]
[White "Malmdin, Nils Åke"]
[Black "Nygren, David"]
[Result "1-0"]
[ECO "B75"]
[WhiteElo "2278"]
[BlackElo "2206"]
[Annotator "Persson,Per"]
[PlyCount "131"]
[TimeControl "240+2"]

{318MB, Fritz10.ctg} 1. e4 c5 2. Nf3 Nc6 3. Nc3 g6 4. d4 cxd4 5. Nxd4 Bg7 6.
Be3 d6 7. Qd2 Nf6 8. f3 a6 9. g4 Bd7 10. O-O-O Rc8 11. h4 h5 12. g5 Nh7 13.
Nxc6 Rxc6 14. Bd4 Bxd4 15. Qxd4 Rg8 16. Be2 Nf8 17. f4 Ne6 18. Qd2 Qa5 19. f5
Nc7 20. Rdf1 Qe5 21. Bd3 Kd8 22. Rf3 Kc8 23. Rhf1 Rd8 24. Kb1 Be8 25. Re3 Rb6
26. Bc4 Kb8 27. Bb3 a5 28. Nd5 Nxd5 29. exd5 Qh8 30. Qxa5 Qd4 31. Rxe7 Bb5 32.
Rfe1 Rc8 33. R7e4 Qc5 34. fxg6 fxg6 35. Re7 Qd4 36. R7e4 Qc5 37. Re7 Qd4 38.
R7e4 Qc5 39. a4 Bd7 40. Qxc5 Rxc5 41. Ka2 Bf5 42. Re8+ Ka7 43. c3 Bd3 44. Ka3
Ra6 45. R1e3 Bb5 46. R8e4 Bd7 47. Rb4 Bf5 48. Re7 Rb6 49. Rxb6 Kxb6 50. Kb4 Rc8
51. a5+ Ka7 52. Bc4 Ka8 53. Be2 Rc5 54. c4 Ka7 55. b3 Rc8 56. Ka3 Bc2 57. Re6
Rf8 58. Rxd6 Rf4 59. Rf6 Re4 60. Re6 Rxh4 61. Re3 Rd4 62. Kb4 h4 63. Kc3 Re4
64. Rxe4 Bxe4 65. Kd4 Bg2 66. Ke3 1-0

[Event "Januariturneringen 2010"]
[Site "?"]
[Date "2010.01.10"]
[Round "6"]
[White "Kling, Anders"]
[Black "Vitsas, Mikael"]
[Result "1/2-1/2"]
[ECO "C50"]
[WhiteElo "2272"]
[BlackElo "1900"]
[Annotator "Persson,Per"]
[PlyCount "82"]
[TimeControl "240+2"]

{318MB, Fritz10.ctg} 1. e4 e5 2. Nf3 Nc6 3. Bc4 Bc5 4. d3 Nf6 5. Nc3 h6 6. Be3
Bb6 7. h3 d6 8. a4 Qe7 9. Nd5 Nxd5 10. Bxd5 Bxe3 11. fxe3 Be6 12. a5 Nd8 13.
Bxe6 Nxe6 14. a6 b6 15. c3 O-O 16. O-O Kh8 17. Qe1 g6 18. Qg3 Kh7 19. d4 Ng5
20. Nxg5+ hxg5 21. Rae1 Kg7 22. Rf2 f6 23. Rd2 Rad8 24. Qg4 Qd7 25. Qxd7+ Rxd7
26. dxe5 fxe5 27. Rf1 Rdf7 28. Rxf7+ Rxf7 29. Rf2 Rxf2 30. Kxf2 Kh6 31. g3 g4
32. h4 g5 33. hxg5+ Kxg5 34. Ke2 Kf6 35. Kd3 Ke6 36. Kc4 Kd7 37. Kb5 c6+ 38.
Kb4 Ke6 39. Kc4 Kd7 40. Kb4 Ke6 41. Kc4 Kd7 1/2-1/2

[Event "Januariturneringen 2010"]
[Site "?"]
[Date "2010.01.10"]
[Round "6"]
[White "Kärrlander, Gunnar"]
[Black "Strand, Andreas"]
[Result "0-1"]
[ECO "A89"]
[WhiteElo "1950"]
[BlackElo "1867"]
[Annotator "Persson,Per"]
[PlyCount "70"]
[TimeControl "240+2"]

{318MB, Fritz10.ctg} 1. d4 f5 2. Nf3 Nf6 3. c4 g6 4. g3 d6 5. Bg2 Bg7 6. Nc3
O-O 7. O-O Nc6 8. d5 Ne5 9. Nxe5 dxe5 10. e4 f4 11. gxf4 Nh5 12. f5 Nf4 13.
fxg6 hxg6 14. Bxf4 exf4 15. e5 Bxe5 16. Re1 Rf5 17. Ne4 Qf8 18. Bf3 Qh6 19. Kf1
Rf7 20. Nc5 Bxb2 21. Rb1 Bc3 22. Re6 Bxe6 23. Nxe6 Qxh2 24. Qd3 Qh3+ 25. Ke2
Qf5 26. Be4 Qg4+ 27. Bf3 Qf5 28. Be4 Qh5+ 29. Bf3 Qe5+ 30. Be4 f3+ 31. Kd1 Rh7
32. Kc2 Rh2 33. Qxc3 Qxe4+ 34. Kb3 Qxb1+ 35. Ka3 Rh7 0-1

[Event "Januariturneringen 2010"]
[Site "?"]
[Date "2010.01.10"]
[Round "6"]
[White "Heijdenberg, Ronny"]
[Black "Ahlin, Jim"]
[Result "1/2-1/2"]
[ECO "B40"]
[WhiteElo "1598"]
[BlackElo "1904"]
[Annotator "Persson,Per"]
[PlyCount "96"]
[TimeControl "240+2"]

{318MB, Fritz10.ctg} 1. e4 e6 2. d4 c5 3. Nf3 Nf6 4. Nc3 cxd4 5. Nxd4 Bb4 6. e5
Nd5 7. Qg4 Kf8 8. Bd2 Nxc3 9. Nxe6+ dxe6 10. Qxb4+ Kg8 11. Qxc3 Nc6 12. Qg3 Qc7
13. Bc3 Bd7 14. Bd3 Ne7 15. O-O h5 16. Qg5 Be8 17. f4 Nd5 18. Bd4 Qe7 19. Qg3
h4 20. Qg4 f5 21. exf6 Nxf6 22. Qe2 Bh5 23. Qe1 Qd6 24. Qc3 Rh6 25. Be5 Qd7 26.
h3 Bf7 27. Rad1 Qe7 28. Bd6 Qe8 29. f5 Nd5 30. Qd2 exf5 31. Bf4 Re6 32. Bxf5
Re2 33. Qd4 Qc6 34. Be4 Rxe4 35. Qxe4 Re8 36. Qf3 Qc5+ 37. Kh1 Nf6 38. c3 Bh5
39. Qxb7 Bxd1 40. Rxd1 Ne4 41. Qd5+ Qxd5 42. Rxd5 Ng3+ 43. Bxg3 hxg3 44. Rd1
Re2 45. Rb1 Kf7 46. Kg1 Ke6 47. Kf1 Rf2+ 48. Kg1 Kd5 1/2-1/2

[Event "Januariturneringen 2010"]
[Site "?"]
[Date "2010.01.10"]
[Round "6"]
[White "Fahlberg, Kenneth"]
[Black "Wålinder, Jonas"]
[Result "0-1"]
[ECO "D07"]
[WhiteElo "1784"]
[BlackElo "1822"]
[Annotator "Persson,Per"]
[PlyCount "132"]
[TimeControl "240+2"]

{318MB, Fritz10.ctg} 1. d4 d5 2. c4 Nc6 3. e3 e5 4. cxd5 Qxd5 5. Nc3 Bb4 6. Bd2
Bxc3 7. bxc3 Nf6 8. c4 Qd6 9. d5 Ne7 10. Be2 O-O 11. Nf3 Ne4 12. Qb3 Nc5 13.
Qa3 b6 14. Bb4 a5 15. Bxc5 bxc5 16. e4 Bd7 17. Rb1 Ng6 18. g3 f5 19. exf5 Bxf5
20. Rb3 a4 21. Rb5 e4 22. Ng5 Qf6 23. Qe3 Qa1+ 24. Bd1 Bg4 25. O-O Bxd1 26.
Qxe4 Qf6 27. Qe6+ Qxe6 28. Nxe6 Be2 29. Re1 Bxc4 30. Rxc5 Bxa2 31. Nxf8 Kxf8
32. Rxc7 Bxd5 33. Rd1 Be6 34. Rd6 Bh3 35. f4 a3 36. Rc1 a2 37. Ra1 Bf5 38. Kf2
Bb1 39. Ke3 Ke7 40. Rd4 Rc8 41. Rb4 Rc7 42. Rbxb1 axb1=Q 43. Rxb1 Kf7 44. Rb5
Ne7 45. h3 Rc3+ 46. Kf2 Kf6 47. h4 Rc4 48. Kf3 Rd4 49. Rb6+ Kf7 50. Rb7 Rd3+
51. Kg4 Rc3 52. h5 Kf6 53. Rb5 Rd3 54. Rb6+ Kf7 55. Rb7 Rd5 56. f5 Rc5 57. Ra7
Kf6 58. Ra6+ Rc6 59. Rxc6+ Nxc6 60. h6 g6 61. fxg6 Kxg6 62. Kf4 Ne7 63. g4 Kxh6
64. Kg3 Kg5 65. Kh3 Ng6 66. Kg3 Ne5 0-1

[Event "Januariturneringen 2010"]
[Site "?"]
[Date "2010.01.10"]
[Round "6"]
[White "Fuentes, Ruben"]
[Black "Forsberg, Mikael"]
[Result "1-0"]
[ECO "A42"]
[WhiteElo "1869"]
[BlackElo "1563"]
[Annotator "Persson,Per"]
[PlyCount "113"]
[TimeControl "240+2"]

{318MB, Fritz10.ctg} 1. e4 d6 2. d4 g6 3. c4 Bg7 4. Nc3 Nd7 5. Nf3 e5 6. d5 Ne7
7. Be2 O-O 8. O-O f5 9. Nd2 Nf6 10. b4 fxe4 11. Ndxe4 Bf5 12. Bf3 Qd7 13. Bb2
Nxe4 14. Nxe4 Bxe4 15. Bxe4 Rf7 16. a4 Raf8 17. Rc1 Rf4 18. f3 Bh6 19. g3 R4f6
20. Rc3 Nf5 21. Bxf5 Qxf5 22. c5 Qd7 23. c6 bxc6 24. Rxc6 Rb8 25. b5 Be3+ 26.
Kg2 Bc5 27. f4 Rbf8 28. Qe2 Qf7 29. Rxc5 dxc5 30. Qxe5 Qd7 31. Rd1 Qf5 32. Qe2
R6f7 33. Be5 Re8 34. Re1 g5 35. Rf1 gxf4 36. gxf4 Rg7+ 37. Kh1 Rf7 38. Rg1+ Kf8
39. Qc4 Rxe5 40. fxe5 Qf3+ 41. Rg2 Rg7 42. Qe2 Qxd5 43. Kg1 Rxg2+ 44. Qxg2
Qxg2+ 45. Kxg2 Ke7 46. Kf3 Ke6 47. Ke4 h5 48. h4 c4 49. Kd4 c3 50. Kxc3 Kxe5
51. Kc4 Kf4 52. Kc5 Kg4 53. Kc6 Kxh4 54. Kxc7 Kg4 55. a5 h4 56. b6 h3 57. bxa7
1-0

[Event "Januariturneringen 2010"]
[Site "?"]
[Date "2010.01.10"]
[Round "6"]
[White "Södervall, Ulf"]
[Black "Prokopic, Novak"]
[Result "1-0"]
[ECO "A10"]
[WhiteElo "1718"]
[BlackElo "1436"]
[Annotator "Persson,Per"]
[PlyCount "71"]
[TimeControl "240+2"]

{318MB, Fritz10.ctg} 1. c4 d5 2. cxd5 Qxd5 3. Nc3 Qa5 4. g3 e6 5. Bg2 c6 6. Nf3
Bb4 7. O-O h6 8. a3 Nd7 9. Qb3 Bc5 10. d4 Bd6 11. Ne4 Be7 12. Bd2 Qc7 13. Rac1
Ngf6 14. Nxf6+ Nxf6 15. Ne5 O-O 16. Bb4 Bd6 17. Nc4 Bxb4 18. Qxb4 Rd8 19. Rfd1
Nd5 20. Qe1 b5 21. Na5 Bb7 22. b4 Qb6 23. Rc5 Rac8 24. e3 Kf8 25. Rdc1 a6 26.
Qe2 Ba8 27. Qc2 h5 28. h4 Rd6 29. Nb3 Rdd8 30. Nd2 a5 31. Bxd5 exd5 32. Nf3
axb4 33. axb4 Bb7 34. Ne5 Rd6 35. Qe2 Rf6 36. Nd7+ 1-0

[Event "Januariturneringen 2010"]
[Site "?"]
[Date "2010.01.10"]
[Round "7"]
[White "Vitsas, Mikael"]
[Black "Malmdin, Nils Åke"]
[Result "0-1"]
[ECO "B06"]
[WhiteElo "1900"]
[BlackElo "2278"]
[Annotator "Persson,Per"]
[PlyCount "54"]
[TimeControl "240+2"]

{318MB, Fritz10.ctg} 1. e4 g6 2. d4 Bg7 3. Nc3 d6 4. Be3 a6 5. Qd2 b5 6. a3 Bb7
7. Be2 Nd7 8. Bf3 Nb6 9. b3 c6 10. Rd1 a5 11. e5 d5 12. h4 h5 13. Nh3 Nh6 14.
Nf4 Bc8 15. e6 Bxe6 16. Nxe6 fxe6 17. Qd3 Nf5 18. g4 hxg4 19. Bxg4 Qd7 20. Ke2
O-O-O 21. a4 b4 22. Na2 Kb7 23. c3 bxc3 24. Qxc3 Ra8 25. Bxf5 exf5 26. Rb1 f4
27. Rhg1 Qf5 0-1

[Event "Januariturneringen 2010"]
[Site "?"]
[Date "2010.01.10"]
[Round "7"]
[White "Strand, Andreas"]
[Black "Kling, Anders"]
[Result "0-1"]
[ECO "C45"]
[WhiteElo "1867"]
[BlackElo "2272"]
[Annotator "Persson,Per"]
[PlyCount "52"]
[TimeControl "240+2"]

{318MB, Fritz10.ctg} 1. e4 e5 2. Nf3 Nc6 3. d4 exd4 4. Nxd4 Bc5 5. Nxc6 Qf6 6.
Qd2 dxc6 7. Nc3 Be6 8. Na4 Rd8 9. Bd3 Be7 10. Qf4 Bb4+ 11. Kf1 Qg6 12. Be3 Nh6
13. Bxa7 O-O 14. Be3 Be7 15. Nc3 f5 16. e5 Ng4 17. g3 h6 18. h3 Rxd3 19. cxd3
Bg5 20. Qd4 Nxe3+ 21. fxe3 Rd8 22. Qc5 Rxd3 23. Kg2 Bxe3 24. Qb4 f4 25. g4 Bxg4
26. Qe4 Bf5+ 0-1

[Event "Januariturneringen 2010"]
[Site "?"]
[Date "2010.01.10"]
[Round "7"]
[White "Nygren, David"]
[Black "Kallin, Andreas"]
[Result "1/2-1/2"]
[ECO "B01"]
[WhiteElo "2206"]
[BlackElo "1565"]
[Annotator "Persson,Per"]
[PlyCount "71"]
[TimeControl "240+2"]

{318MB, Fritz10.ctg} 1. e4 d5 2. exd5 Qxd5 3. Nc3 Qa5 4. d4 Nf6 5. Bc4 Bf5 6.
Bd2 c6 7. Qf3 Bxc2 8. Rc1 Qf5 9. Qg3 Be4 10. f3 Bd5 11. Nxd5 Nxd5 12. Ne2 Nd7
13. O-O N7f6 14. Rfe1 e6 15. Nc3 Nh5 16. Qf2 Nhf4 17. Nxd5 Nxd5 18. Re5 Qg6 19.
Bxd5 cxd5 20. Qe2 a6 21. h4 Bd6 22. h5 Qg3 23. Rxe6+ Kd7 24. Re5 f6 25. Qd3
fxe5 26. Qf5+ Ke8 27. Qe6+ Be7 28. Rc7 Qh4 29. dxe5 Rf8 30. Qd7+ Kf7 31. Qxd5+
Ke8 32. e6 Rf4 33. Qxb7 Rd8 34. Rxe7+ Qxe7 35. Qxe7+ Kxe7 36. Bxf4 1/2-1/2

[Event "Januariturneringen 2010"]
[Site "?"]
[Date "2010.01.10"]
[Round "7"]
[White "Wålinder, Jonas"]
[Black "Heijdenberg, Ronny"]
[Result "1/2-1/2"]
[ECO "E16"]
[WhiteElo "1822"]
[BlackElo "1598"]
[Annotator "Persson,Per"]
[PlyCount "43"]
[TimeControl "240+2"]

{318MB, Fritz10.ctg} 1. Nf3 d5 2. g3 b6 3. d4 Bb7 4. Bg2 Nf6 5. O-O e6 6. c4
dxc4 7. Qa4+ Nbd7 8. Qxc4 c5 9. dxc5 Bxc5 10. Nc3 O-O 11. Qb3 Be7 12. Rd1 Qc8
13. Bg5 Nc5 14. Qc2 Nce4 15. Rac1 Nxg5 16. Nxg5 Bxg2 17. Kxg2 Qb7+ 18. Nf3 Rac8
19. Qb3 Ng4 20. Qa4 Ne5 21. Qe4 Qxe4 22. Nxe4 1/2-1/2